 Dungeon Crawl Stone Soup version 0.17.1-1-g73c8601 (webtiles) character file.

1814 Implojin the Grappler (level 8, -7/83 HPs)
             Began as a Troll Monk on Apr 5, 2016.
             Was a Priest of Cheibriados.
             Mangled by a minotaur (15 damage)
             ... in a labyrinth.
             The game lasted 00:23:02 (4784 turns).

Implojin the Grappler (Troll Monk)                  Turns: 4784, Time: 00:23:02

Health: -7/83      AC:  7    Str: 27    XL:     8   Next: 84%
Magic:  7/7        EV: 17    Int: 13    God:    Cheibriados [***...]
Gold:   163        SH:  0    Dex: 26    Spells: 0 memorised, 7 levels left

rFire  . . .     SeeInvis .       - Unarmed
rCold  . . .     Clarity  .     a - +0 robe
rNeg   . . .     SustAt   .     (no shield)
rPois  .         Gourm    +     (helmet restricted)
rElec  .         Spirit   .     p - +1 cloak
rCorr  .         Warding  .     (gloves unavailable)
rMut   .         Stasis   .     (boots unavailable)
MR     +....                    (no amulet)
Stlth  ++++......               n - ring of protection from magic
                                d - ring of stealth

@: agile, very slightly contaminated, invisible, very slow, somewhat resistant
to hostile enchantments, stealthy
A: unfitting armour, claws 3, fast metabolism 3, gourmand, regeneration 2,
shaggy fur 1, tough skin 2
a: Bend Time, Temporal Distortion, Renounce Religion


You were in a labyrinth.
You worshipped Cheibriados.
Cheibriados was most pleased with you.
You were not hungry.

You visited 2 branches of the dungeon, and saw 13 of its levels.
You also visited: Labyrinth and Ossuary.

You collected 163 gold pieces.

Inventory:

Hand Weapons
 B - a +1 blowgun
Missiles
 t - 8 steel tomahawks (quivered)
Armour
 a - a +0 robe (worn)
 p - a +1 cloak (worn)
Jewellery
 d - a ring of stealth (left claw)
 n - a ring of protection from magic (right claw)
Wands
 f - a wand of slowing (21)
 j - a wand of frost (16)
Scrolls
 h - a scroll of enchant armour
 u - a scroll of magic mapping
Potions
 c - 3 potions of agility
 e - a potion of flight
 g - 4 potions of mutation
 i - a potion of magic
 l - 3 potions of lignification
 q - 4 potions of curing
 v - a potion of berserk rage {unknown}
 x - 2 potions of brilliance
 z - a potion of beneficial mutation {unknown}
 A - a potion of ambrosia {unknown}
 D - 3 potions of resistance
Comestibles
 b - a bread ration
 o - a royal jelly


   Skills:
 * Level 6.0 Fighting
 - Level 2.4 Dodging
 - Level 1.1 Stealth
 - Level 10.2 Unarmed Combat


You had 7 spell levels left.
You didn't know any spells.

Dungeon Overview and Level Annotations

Branches:
Dungeon (12/15)            Temple (1/1) D:6            Lair (0/8) D:11
    Orc: D:9-12

Altars:
Ashenzari
Cheibriados
Dithmenos
Elyvilon
Gozag
Makhleb
Nemelex Xobeh
Qazlal
Sif Muna
Trog
Vehumet
Xom
Yredelemnul
Zin
The Shining One


Innate Abilities, Weirdness & Mutations

You are too large for most types of armour.
You have claws for hands.
Your metabolism is lightning-fast.
You like to eat raw meat.
You heal very quickly.
You are covered in fur (AC +1).
You have very tough skin (AC +2).


Message History

The helpless minotaur fails to defend itself.
You claw the minotaur!
The minotaur is moderately wounded.
The minotaur hits you! The minotaur gores you!
You scratch the minotaur but do no damage.
The minotaur is moderately wounded.
The minotaur hits you but does no damage.
The minotaur gores you!
* * * LOW HITPOINT WARNING * * *
Drink which item? (? for menu, Esc to quit)
Okay, then.
Drink which item? (? for menu, Esc to quit)
You fade into invisibility!
The minotaur hits you.
* * * LOW HITPOINT WARNING * * *
The minotaur gores you!
* * * LOW HITPOINT WARNING * * *
You are very lightly contaminated with residual magic.
Drink which item? (? for menu, Esc to quit)
You feel agile all of a sudden. The minotaur barely misses you.
The minotaur gores you!
* * * LOW HITPOINT WARNING * * *
Unknown command.
Drink which item? (? for menu, Esc to quit)
You feel much better. The minotaur hits you!!
* * * LOW HITPOINT WARNING * * *
The minotaur gores you.
* * * LOW HITPOINT WARNING * * *
Drink which item? (? for menu, Esc to quit)
Okay, then.
Read which item? (? for menu, Esc to quit)
Okay, then.
Drink which item? (? for menu, Esc to quit)
Okay, then.
Evoke which item? (* to show all) (? for menu, Esc to quit)
Okay, then.
You miss the minotaur.
The minotaur is lightly wounded.
The minotaur hits you!
You die...

# ....#.# ###
#.#.#. #.... . ..
## ### #####. .
#. # ......#.#
#.###.###.#.## #
#.<... ...#.#
###.####H####.###
#
.......@........#
#.#.###.###.#####
#.. # # #.###.#
... #.# ### ##


You could see a minotaur.

Vanquished Creatures
  A sky beast (D:6)
  A water moccasin (D:6)
  A black bear (D:9)
  A centaur (D:9)
  12 scorpions
  A killer bee (D:9)
  3 centaur zombies (Ossuary)
  A giant frog zombie (D:5)
  2 hounds
  4 human zombies (Ossuary)
  Crazy Yiuf (D:4)
  A jelly (D:6)
  3 orc wizards
  3 worker ants
  3 big kobold zombies (Ossuary)
  A hound skeleton (D:7)
  A hound zombie (D:6)
  4 mummies
  A scorpion zombie (Ossuary)
  7 adders
  An ooze (D:5)
  12 orcs
  2 giant cockroaches
  2 gnoll zombies (Ossuary)
  A goblin (D:3)
  3 hobgoblins
  4 kobolds
  2 quokkas
  A ball python (D:1)
  2 bats (D:1)
  3 giant geckos
  A giant gecko skeleton (D:4)
  2 goblin zombies (Ossuary)
  A hobgoblin zombie (Ossuary)
  4 jackals (D:5)
  A jackal skeleton (D:5)
  3 kobold zombies (Ossuary)
  3 orc zombies (Ossuary)
  A rat (D:1)
101 creatures vanquished.

Notes
Turn   | Place    | Note
--------------------------------------------------------------
     0 | D:1      | Implojin the Troll Monk began the quest for the Orb.
     0 | D:1      | Reached XP level 1. HP: 22/22 MP: 0/0
   235 | D:1      | Reached XP level 2. HP: 29/29 MP: 1/1
   384 | D:3      | Reached skill level 5 in Unarmed Combat
   384 | D:3      | Reached XP level 3. HP: 33/36 MP: 2/2
   459 | D:4      | Noticed a scorpion
   469 | D:4      | Reached XP level 4. HP: 25/44 MP: 3/3
   503 | D:5      | Entered Level 5 of the Dungeon
   571 | D:4      | Killed a scorpion
   571 | D:4      | Reached skill level 6 in Unarmed Combat
   571 | D:4      | Reached XP level 5. HP: 28/50 MP: 4/4
   616 | D:4      | Found a deep blue altar of Sif Muna.
   700 | D:4      | Noticed Crazy Yiuf
   704 | D:4      | Killed Crazy Yiuf
   750 | D:4      | Found a stormy altar of Qazlal.
   792 | D:4      | Reached skill level 7 in Unarmed Combat
   827 | D:4      | Noticed a scorpion
   837 | D:4      | Killed a scorpion
   837 | D:4      | Reached XP level 6. HP: 51/59 MP: 5/5
   975 | D:6      | Noticed a water moccasin
   999 | D:6      | Killed a water moccasin
   999 | D:6      | Reached skill level 8 in Unarmed Combat
  1011 | D:6      | HP: 2/59 [poisoned by a water moccasin]
  1016 | D:6      | HP: 1/59 [poisoned by a water moccasin]
  1022 | D:6      | HP: 2/59 [poisoned by a water moccasin]
  1136 | D:6      | Reached XP level 7. HP: 32/66 MP: 6/6
  1175 | D:6      | Found a staircase to the Ecumenical Temple.
  1191 | Temple   | Entered the Ecumenical Temple
  1255 | Temple   | Became a worshipper of Cheibriados the Contemplative
  1255 | Temple   | Reached * piety under Cheibriados
  1255 | Temple   | Reached ** piety under Cheibriados
  1333 | D:6      | Reached skill level 9 in Unarmed Combat
  1384 | D:6      | Found a sand-covered staircase.
  1391 | Ossuary  | Entered an ossuary
  1479 | Ossuary  | Reached skill level 10 in Unarmed Combat
  1501 | Ossuary  | Reached XP level 8. HP: 74/74 MP: 7/7
  1582 | Ossuary  | Reached skill level 3 in Fighting
  1604 | Ossuary  | Reached skill level 4 in Fighting
  1667 | Ossuary  | Reached *** piety under Cheibriados
  1822 | D:7      | Found a bloodstained altar of Trog.
  1880 | D:9      | Reached skill level 5 in Fighting
  1920 | D:9      | Reached skill level 6 in Fighting
  1937 | D:10     | Entered Level 10 of the Dungeon
  1996 | D:11     | Found a labyrinth entrance.
  2023 | Lab      | Entered a labyrinth
  4615 | Lab      | Identified a scroll of acquirement
  4776 | Lab      | Noticed a minotaur
  4784 | Lab      | Mangled by a minotaur

Action                   |  1- 3 |  4- 6 |  7- 9 || total
-------------------------+-------+-------+-------++-------
Melee: Unarmed           |    47 |    96 |   172 ||   315
  Use: Scroll            |       |     8 |    12 ||    20
       Potion            |       |     1 |     3 ||     4
 Stab: Sleeping          |     5 |     1 |     4 ||    10
  Eat: Chunk             |     7 |     7 |     7 ||    21
       Meat ration       |       |       |     1 ||     1
       Bread ration      |       |       |     1 ||     1
       Beef jerky        |       |       |     1 ||     1

Table legend:
 A = Turns spent in this place as a percentage of turns spent in the entire game.
 B = Non-inter-level travel turns spent in this place as a percentage of non-inter-level travel turns spent in the entire game.
 C = Inter-level travel turns spent in this place as a percentage of turns spent in this place.
 D = Turns resting spent in this place as a percentage of non-inter-level travel turns spent in this place.
 E = Turns spent auto-exploring this place as a percentage of non-inter-level travel turns spent in this place.
 F = Non-inter-level travel turns spent in this place divided by the number of levels of this place that you've seen.
                   A       B       C       D       E      F
               +-------+-------+-------+-------+-------+----------------------
         Total | 100.0 | 100.0 |   0.0 |   0.0 |   0.0 | 320.4
       Dungeon |  30.9 |  30.9 |   0.0 |   0.0 |   0.0 | 123.9
        Temple |   1.7 |   1.7 |   0.0 |   0.0 |   0.0 |  81.0
     Labyrinth |  60.4 |  60.4 |   0.0 |   0.0 |   0.0 | 2902.0
       Ossuary |   7.0 |   7.0 |   0.0 |   0.0 |   0.0 | 336.0
               +-------+-------+-------+-------+-------+----------------------

Table legend:
 A = Kills in this place as a percentage of kills in entire the game.
 B = Kills by you in this place as a percentage of kills by you in the entire game.
 C = Kills by friends in this place as a percentage of kills by friends in the entire game.
 D = Other kills in this place as a percentage of other kills in the entire game.
 E = Experience gained in this place as a percentage of experience gained in the entire game.
 F = Experience gained in this place divided by the number of levels of this place that you have seen.
                   A       B       C       D       E      F
               +-------+-------+-------+-------+-------+----------------------
         Total | 100.0 | 100.0 |  -nan |  -nan | 100.0 | 172.8
       Dungeon |  66.3 |  66.3 |  -nan |  -nan |  57.1 | 123.2
       Ossuary |  33.7 |  33.7 |  -nan |  -nan |  42.9 | 1113.0
               +-------+-------+-------+-------+-------+----------------------
